SKY
DETROIT TIGERS @ MEMPHIS BLUES
08/26/2051
 
TOP OF THE 1ST
Detroit Tigers batting - Pitching for Memphis Blues : RHP Clark Bryant
Pitching: RHP Clark Bryant
Batting: LHB Sebastian Ontiveros 0-0: Ball
1-0: Foul Ball, location: 3FF
1-1: Ball
2-1: Fly out, F7 (Flyball, 7LM, EV 88.8 MPH)
Batting: RHB Peter Bates 0-0: Ball
1-0: Ball
2-0: Ball
3-0: Called Strike
3-1: Called Strike
3-2: Strikes out swinging
Batting: LHB Jim Harvill 0-0: Ball
1-0: Swinging Strike
1-1: Foul Ball, location: 2F
1-2: Ball
2-2: Ground out 4-3 (Groundball, 34D, EV 106.3 MPH)
Top of the 1st over - 0 runs, 0 hits, 0 errors, 0 left on base; Detroit 0 - Memphis 0
BOTTOM OF THE 1ST
Memphis Blues batting - Pitching for Detroit Tigers : RHP Edgardo Gil
Pitching: RHP Edgardo Gil
Batting: RHB Julien Straton 0-0: DOUBLE (Line Drive, 9LD, EV 100.6 MPH)
Batting: LHB Caleb Oliver 0-0: Swinging Strike
0-1: Foul Ball, location: 2F
0-2: Ball
1-2: Ball
2-2: Ball
3-2: Fly out, F4 (Line Drive, 4M, EV 70.6 MPH)
Batting: RHB Yohan Roque 0-0: Called Strike
0-1: SINGLE (Line Drive, 9S, EV 107.5 MPH)
Julien Straton to third
Batting: LHB Kent Dada 0-0: Foul Ball, location: 3FF
0-1: Foul Ball, location: 25F
0-2: Ball
1-2: Foul Ball, location: 2F
1-2: Foul Ball, location: 3FF
1-2: Foul Ball, location: 3F
1-2: Foul Ball, location: 9LMFF
1-2: Fielders Choice at 2nd, 6-4 (Groundball, 6, EV 76.3 MPH)
Julien Straton scores
Batting: RHB Ronald Londono 0-0: Ball
1-0: Foul Ball, location: 9LSF
1-1: Foul Ball, location: 3SF
1-2: Ball
2-2: Foul Ball, location: 5F
2-2: Foul Ball, location: 23FF
2-2: Foul Ball, location: 9LSF
2-2: Ground out 1-3 (Groundball, 13, EV 64.4 MPH)
Bottom of the 1st over - 1 run, 2 hits, 0 errors, 1 left on base; Detroit 0 - Memphis 1
TOP OF THE 2ND
Detroit Tigers batting - Pitching for Memphis Blues : RHP Clark Bryant
Batting: RHB Juan Izquierdo 0-0: Called Strike
0-1: Swinging Strike
0-2: Ball
1-2: Foul Ball, location: 3F
1-2: Ball
2-2: Ball
3-2: Fly out, F4 (Popup, 3DF, EV 60.0 MPH)
Batting: SHB Amos Medved 0-0: Called Strike
0-1: Ball
1-1: Ball
2-1: Ground out 5-3 (Groundball, 6, EV 105.0 MPH)
Batting: RHB Merlin Weichert 0-0: Called Strike
0-1: Foul Ball, location: 5SF
0-2: Strikes out swinging
Top of the 2nd over - 0 runs, 0 hits, 0 errors, 0 left on base; Detroit 0 - Memphis 1
BOTTOM OF THE 2ND
Memphis Blues batting - Pitching for Detroit Tigers : RHP Edgardo Gil
Batting: LHB Alex Nicholson 0-0: Swinging Strike
0-1: Foul Ball, location: 3SF
0-2: Strikes out swinging
Batting: RHB Amadeo Ybarra 0-0: Ball
1-0: Ball
2-0: Called Strike
2-1: Ball
3-1: Base on Balls
Batting: SHB Ishmael Baptiste 0-0: Called Strike
Amadeo Ybarra steals 2nd base
0-1: Ball
1-1: Ball
2-1: Ball
3-1: Called Strike
3-2: Base on Balls
Batting: RHB Josh Benedict 0-0: Called Strike
0-1: Swinging Strike
0-2: Strikes out swinging
Batting: RHB Julien Straton 0-0: SINGLE (Line Drive, 7LS, EV 88.1 MPH)
Amadeo Ybarra to third
Ishmael Baptiste to second
Runner from 3rd tries for Home, SAFE, throw by LF to home
Batting: LHB Caleb Oliver 0-0: Ball
1-0: Ball
2-0: Called Strike
2-1: Ball
3-1: Called Strike
3-2: Ground out U3 (Groundball, 34S, EV 85.6 MPH)
Bottom of the 2nd over - 1 run, 1 hit, 0 errors, 2 left on base; Detroit 0 - Memphis 2
TOP OF THE 3RD
Detroit Tigers batting - Pitching for Memphis Blues : RHP Clark Bryant
Batting: RHB Dragon Dainty 0-0: Foul Ball, location: 25FF
0-1: Foul Ball, location: 23F
0-2: Strikes out swinging
Batting: RHB Sal MacDougall 0-0: Fly out, F4 (Popup, 4, EV 63.8 MPH)
Batting: RHB Brandon Diarra 0-0: Ball
1-0: Foul Ball, location: 9LSF
1-1: Fly out, F7 (Flyball, 7, EV 95.6 MPH)
Top of the 3rd over - 0 runs, 0 hits, 0 errors, 0 left on base; Detroit 0 - Memphis 2
BOTTOM OF THE 3RD
Memphis Blues batting - Pitching for Detroit Tigers : RHP Edgardo Gil
Batting: RHB Yohan Roque 0-0: Fly out, F4 (Popup, 34S, EV 81.9 MPH)
Batting: LHB Kent Dada 0-0: Foul Ball, location: 25F
0-1: Ball
1-1: Hit by Pitch
Batting: RHB Ronald Londono 0-0: Ball
1-0: Ball
2-0: DOUBLE (Line Drive, 5D, EV 98.8 MPH)
Kent Dada to third
Batting: LHB Alex Nicholson 0-0: Called Strike
0-1: Fly out, F9 (Flyball, 9LD, EV 102.5 MPH)
Runner from 3rd tags up, OUT at HOME! 9-2
Bottom of the 3rd over - 0 runs, 1 hit, 0 errors, 1 left on base; Detroit 0 - Memphis 2
TOP OF THE 4TH
Detroit Tigers batting - Pitching for Memphis Blues : RHP Clark Bryant
Batting: LHB Sebastian Ontiveros 0-0: Ground out 1-3 (Groundball, 34S, EV 64.4 MPH)
Batting: RHB Peter Bates 0-0: SINGLE (Flyball, 34D, EV 95.0 MPH)
Batting: LHB Jim Harvill 0-0: Ball
1-0: Ball
2-0: Swinging Strike
2-1: Fielders Choice at 2nd, 4-6 (Groundball, 4, EV 89.4 MPH)
Batting: RHB Juan Izquierdo 0-0: Called Strike
0-1: Ball
1-1: Foul Ball, location: 2F
1-2: Ball
2-2: Ball
3-2: Foul Ball, location: 23F
3-2: SINGLE (Line Drive, 56D, EV 95.6 MPH)
Jim Harvill to second
Jim Harvill to third
Batting: SHB Amos Medved 0-0: Called Strike
0-1: Called Strike
0-2: Ball
1-2: Foul Ball, location: 7LDF
1-2: TRIPLE (Flyball, 9LD, EV 90.6 MPH)
Jim Harvill scores
Juan Izquierdo scores
Batting: RHB Merlin Weichert 0-0: Foul Ball, location: 25FF
0-1: Swinging Strike
0-2: Ball
1-2: Strikes out looking
Top of the 4th over - 2 runs, 3 hits, 0 errors, 1 left on base; Detroit 2 - Memphis 2
BOTTOM OF THE 4TH
Memphis Blues batting - Pitching for Detroit Tigers : RHP Edgardo Gil
Batting: RHB Amadeo Ybarra 0-0: Ball
1-0: SINGLE (Line Drive, 7S, EV 83.8 MPH)
Batting: SHB Ishmael Baptiste 0-0: Ball
1-0: Grounds into double play, 5-4-3 (Groundball, 5L, EV 94.4 MPH)
Batting: RHB Josh Benedict 0-0: Ball
1-0: Ball
2-0: Foul Ball, location: 9LSF
2-1: Ground out 1-3 (Groundball, 34S, EV 68.1 MPH)
Bottom of the 4th over - 0 runs, 1 hit, 0 errors, 0 left on base; Detroit 2 - Memphis 2
TOP OF THE 5TH
Detroit Tigers batting - Pitching for Memphis Blues : RHP Clark Bryant
Batting: RHB Dragon Dainty 0-0: Foul Ball, location: 9LSF
0-1: Ball
1-1: Swinging Strike
1-2: Ball
2-2: DOUBLE (Line Drive, 78XD, EV 106.3 MPH)
Batting: RHB Sal MacDougall 0-0: Called Strike
0-1: Foul Ball, location: 2F
0-2: Ball
1-2: Foul Ball, location: 2F
1-2: Foul Ball, location: 2RF
1-2: Strikes out swinging
Batting: RHB Brandon Diarra 0-0: Ball
1-0: Ball
2-0: Called Strike
2-1: Ball
3-1: Base on Balls
Batting: LHB Sebastian Ontiveros 0-0: SINGLE (Groundball, 4MD, EV 98.8 MPH)
Dragon Dainty to third
Brandon Diarra to second
Runner from 3rd tries for Home, SAFE, throw by CF to home
Batting: RHB Peter Bates 0-0: Swinging Strike
0-1: Ball
1-1: Foul Ball, location: 9LSF
1-2: Foul Ball, location: 5SF
1-2: Foul Ball, location: 7LMFF
1-2: Ball
2-2: Ball
3-2: Strikes out looking
Batting: LHB Jim Harvill 0-0: Foul Ball, location: 5F
0-1: Ball
1-1: Foul Ball, location: 2F
1-2: Strikes out looking
Top of the 5th over - 1 run, 2 hits, 0 errors, 2 left on base; Detroit 3 - Memphis 2
BOTTOM OF THE 5TH
Memphis Blues batting - Pitching for Detroit Tigers : RHP Edgardo Gil
Batting: RHB Julien Straton 0-0: Ball
1-0: SINGLE (Line Drive, 6D, EV 62.5 MPH)
Batting: LHB Caleb Oliver 0-0: Ball
1-0: Foul Ball, location: 2F
Pickoff Throw to First - Error! E1
Julien Straton to second
1-1: Fly out, F8 (Line Drive, 8RM, EV 86.9 MPH)
Batting: RHB Yohan Roque 0-0: SINGLE (Line Drive, 8RS, EV 93.8 MPH)
Julien Straton to third
Runner from 3rd tries for Home, SAFE, throw by CF to home
Batting: LHB Kent Dada 0-0: Called Strike
0-1: Ball
1-1: Swinging Strike
1-2: Strikes out swinging
Batting: RHB Ronald Londono 0-0: Foul Ball, location: 9LMF
0-1: Ball
1-1: Ground out 4-3 (Groundball, 34, EV 86.9 MPH)
Bottom of the 5th over - 1 run, 2 hits, 1 error, 1 left on base; Detroit 3 - Memphis 3
TOP OF THE 6TH
Detroit Tigers batting - Pitching for Memphis Blues : RHP Clark Bryant
Batting: RHB Juan Izquierdo 0-0: Called Strike
0-1: Foul Ball, location: 2LF
0-2: Ball
1-2: Ball
2-2: Strikes out swinging
Batting: SHB Amos Medved 0-0: Fly out, F6 (Popup, P, EV 90.0 MPH)
Batting: RHB Merlin Weichert 0-0: Swinging Strike
0-1: Foul Ball, location: 5F
0-2: Strikes out swinging
Top of the 6th over - 0 runs, 0 hits, 0 errors, 0 left on base; Detroit 3 - Memphis 3
BOTTOM OF THE 6TH
Memphis Blues batting - Pitching for Detroit Tigers : RHP Edgardo Gil
Batting: LHB Alex Nicholson 0-0: Swinging Strike
0-1: Swinging Strike
0-2: Ball
1-2: Ball
2-2: Ball
3-2: Base on Balls
Batting: RHB Amadeo Ybarra 0-0: Ball
1-0: Ball
2-0: Called Strike
2-1: Foul Ball, location: 2F
2-2: SINGLE (Line Drive, 34D, EV 98.1 MPH)
Alex Nicholson to second
Runner from 2nd tries for 3rd, SAFE, no throw by RF
Batting: SHB Ishmael Baptiste 0-0: Ball
Amadeo Ybarra steals 2nd base (no throw)
1-0: Swinging Strike
1-1: SINGLE (Flyball, 8LS, EV 94.4 MPH)
Alex Nicholson scores
Amadeo Ybarra to third
Runner from 3rd tries for Home, SAFE, throw by CF to home
Pitching: LHP Iggy Canchola
Batting: RHB Josh Benedict 0-0: Ball
1-0: Swinging Strike
1-1: Sac Bunt to 13 - play at first, batter OUT! 1-3
Ishmael Baptiste to second
Batting: RHB Julien Straton 0-0: Ball
1-0: Foul Ball, location: 2F
1-1: Fly out, F7 (Line Drive, 7, EV 105.0 MPH)
Batting: LHB Caleb Oliver 0-0: Ball
1-0: Foul Ball, location: 2F
1-1: Foul Ball, location: 2F
1-2: 2-RUN HOME RUN (Flyball, 89XD, EV 109.4 MPH), Distance : 426 ft
Batting: RHB Yohan Roque 0-0: Ball
1-0: Ball
2-0: Ball
3-0: Base on Balls
Batting: LHB Kent Dada 0-0: Swinging Strike
0-1: Foul Ball, location: 23FF
0-2: Foul Ball, location: 2F
0-2: Ball
1-2: Ball
2-2: Ball
3-2: Strikes out swinging
Bottom of the 6th over - 4 runs, 3 hits, 0 errors, 1 left on base; Detroit 3 - Memphis 7
TOP OF THE 7TH
Detroit Tigers batting - Pitching for Memphis Blues : RHP Clark Bryant
Batting: RHB Dragon Dainty 0-0: Called Strike
0-1: Reached on error, E6 (Groundball, 56, EV 78.8 MPH)
Batting: RHB Sal MacDougall 0-0: Fly out, F3 (Popup, 34S, EV 77.5 MPH)
Batting: RHB Brandon Diarra 0-0: Fielders Choice at 2nd, 1-4 (Groundball, 25, EV 70.6 MPH)
Batting: LHB Sebastian Ontiveros 0-0: SINGLE (Line Drive, 8RS, EV 90.0 MPH)
Brandon Diarra to second
Runner from 2nd tries for 3rd, SAFE, throw by CF made to third
Pitching: RHP Ryland Wilson
Batting: RHB Peter Bates 0-0: Foul Ball, location: 2F
0-1: Swinging Strike
0-2: Ball
1-2: Foul Ball, location: 9LDF
1-2: Foul Ball, location: 2F
1-2: Foul Ball, location: 2F
1-2: Foul Ball, location: 9LDF
1-2: Ball
2-2: Strikes out looking
Top of the 7th over - 0 runs, 1 hit, 1 error, 2 left on base; Detroit 3 - Memphis 7
BOTTOM OF THE 7TH
Memphis Blues batting - Pitching for Detroit Tigers : LHP Iggy Canchola
Batting: RHB Ronald Londono 0-0: Ball
1-0: Ball
2-0: Foul Ball, location: 23F
2-1: Called Strike
2-2: Ball
3-2: Base on Balls
Batting: LHB Alex Nicholson 0-0: Fly out, F8 (Line Drive, 78M, EV 108.1 MPH)
Batting: RHB Amadeo Ybarra 0-0: Called Strike
0-1: Foul Ball, location: 9LDF
0-2: Ball
1-2: Grounds into double play, 6-4-3 (Groundball, 6, EV 87.5 MPH)
Bottom of the 7th over - 0 runs, 0 hits, 0 errors, 0 left on base; Detroit 3 - Memphis 7
TOP OF THE 8TH
Detroit Tigers batting - Pitching for Memphis Blues : RHP Ryland Wilson
Batting: LHB Jim Harvill 0-0: Called Strike
0-1: Ball
1-1: Called Strike
1-2: Fly out, F7 (Flyball, 7LS, EV 95.0 MPH)
Batting: RHB Juan Izquierdo 0-0: Called Strike
0-1: Called Strike
0-2: Ball
1-2: Foul Ball, location: 23FF
1-2: SINGLE (Groundball, 34D, EV 104.4 MPH)
Batting: SHB Amos Medved 0-0: Called Strike
0-1: Swinging Strike
0-2: Strikes out looking
Batting: RHB Merlin Weichert 0-0: Ball
1-0: Foul Ball, location: 2F
1-1: Swinging Strike
1-2: Ball
2-2: SINGLE (Line Drive, 4D, EV 95.0 MPH)
Juan Izquierdo to second
Runner from 2nd tries for 3rd, OUT! 8-5
Top of the 8th over - 0 runs, 2 hits, 0 errors, 1 left on base; Detroit 3 - Memphis 7
BOTTOM OF THE 8TH
Memphis Blues batting - Pitching for Detroit Tigers : LHP Iggy Canchola
Batting: SHB Ishmael Baptiste 0-0: Called Strike
0-1: Ball
1-1: Ball
2-1: Ball
3-1: Ground out 6-3 (Groundball, 6, EV 108.8 MPH)
Batting: RHB Josh Benedict 0-0: Called Strike
0-1: Ball
1-1: Foul Ball, location: 2F
1-2: Ball
2-2: Strikes out swinging
Batting: RHB Julien Straton 0-0: Ball
1-0: SINGLE (Line Drive, 4MD, EV 109.4 MPH)
Batting: LHB Caleb Oliver 0-0: Foul Ball, location: 2F
0-1: Ball
1-1: Ground out 4-3 (Groundball, 34, EV 100.6 MPH)
Bottom of the 8th over - 0 runs, 1 hit, 0 errors, 1 left on base; Detroit 3 - Memphis 7
TOP OF THE 9TH
Detroit Tigers batting - Pitching for Memphis Blues : RHP Ryland Wilson
Batting: RHB Dragon Dainty 0-0: Called Strike
0-1: Ground out 5-3 (Groundball, 56S, EV 93.1 MPH)
Batting: RHB Sal MacDougall 0-0: Called Strike
0-1: Ball
1-1: Ball
2-1: Ball
3-1: Swinging Strike
3-2: Base on Balls
Batting: RHB Brandon Diarra 0-0: Called Strike
0-1: Ball
1-1: Ball
2-1: Ball
3-1: Called Strike
3-2: Foul Ball, location: 23F
3-2: Base on Balls
Sal MacDougall to second
Batting: LHB Sebastian Ontiveros 0-0: Ball
1-0: Foul Ball, location: 7LSF
1-1: Called Strike
1-2: Foul Ball, location: 5DF
1-2: Ball
2-2: Ball
3-2: Strikes out swinging
Pinch Hitting: LHB Narciso Villasana 0-0: Ball
1-0: 3-RUN HOME RUN (Flyball, 89XD, EV 98.8 MPH), Distance : 399 ft
Pitching: RHP Da'Shawn Evans
Batting: LHB Jim Harvill 0-0: Ball
1-0: Ball
2-0: Ball
3-0: Called Strike
3-1: Base on Balls
Batting: RHB Aarón Gutiérrez 0-0: Swinging Strike
0-1: Ball
1-1: Called Strike
1-2: Ball
2-2: Foul Ball, location: 3SF
2-2: Ball
3-2: Base on Balls
Jim Harvill to second
Batting: SHB Amos Medved 0-0: Called Strike
0-1: Ground out U3 (Groundball, 34S, EV 83.1 MPH)
Top of the 9th over - 3 runs, 1 hit, 0 errors, 2 left on base; Detroit 6 - Memphis 7
Wednesday, March 27th , 2024 - OOTP Baseball 24.11 Build 85